Map: 乌雷纳

Players

aruodelon - Winner!

  • Race: Terran Terran
  • League: Gold

Quail

  • Race: Protoss Protoss
  • League: Diamond

VOD

Have the link to the VOD?

Description

Time

  • Played on: Dec. 5, 2015, 3:40 a.m.
  • Length: 8:33
Show
View Real Time Build Order
Export as new Build Order

aruodelon Terran - Winner!

Build Orders: 1/1/1, Liberator Opening 

Get SALT Encoding   

  12  0:01  SCV  
  13  0:13  SCV  
  14  0:18  Supply Depot  
  14  0:25  SCV  
  15  0:30  Refinery  
  15  0:40  SCV  
  16  0:46  Barracks  
  16  0:52  SCV  
  17  1:04  SCV  
  17  1:06  Refinery  
  18  1:16  SCV  
  19  1:32  Orbital Command  
  19  1:33  Marine  
  19  1:35  Supply Depot  
  20  1:44  Factory  
  20  1:58  Barracks Reactor  
  20  1:59  SCV  
  21  2:11  SCV  
  22  2:23  SCV  
  22  2:24  Supply Depot  
  22  2:28  Factory Tech Lab  
  22  2:29  Starport  
  23  2:35  Marine x2  
  25  2:37  SCV  
  26  2:48  Supply Depot  
  26  2:50  Siege Tank  
  29  2:55  Marine x2  
  31  3:05  Medivac  
  31  3:07  SCV  
  34  3:19  Marine x2  
  36  3:22  Siege Tank, Liberator  
  39  3:27  Supply Depot  
  39  3:31  SCV  
  43  3:41  Marine x2  
  45  3:51  Engineering Bay  
  45  3:56  Supply Depot  
  45  4:04  Marine x2  
  47  4:11  Siege Tank  
  50  4:20  Supply Depot  
  50  4:23  Missile Turret  
  50  4:37  Marine x2  
  52  4:53  SCV  
  52  4:55  Marine x2  
  52  4:58  Siege Tank  
  58  5:05  SCV  
  57  5:10  Liberator  
  57  5:13  Reaper, Marine  
  55  5:17  SCV  
  58  5:29  SCV  
  59  5:36  Marine  
  59  5:41  SCV  
  61  5:45  Marine  
  62  5:53  SCV, Marine, Liberator  
  61  6:00  Supply Depot  
  61  6:03  Marine  
  59  6:09  Missile Turret  
  60  6:11  Marine  
  52  6:21  Marine  
  49  6:29  Marine  
  50  6:35  Siege Tank  
  50  6:37  SCV  
  50  6:39  Marine  
  51  6:47  Marine  
  51  6:50  SCV  
  53  6:56  Marine  
  53  6:58  Bunker  
  54  7:01  Missile Turret  
  54  7:02  SCV  
  54  7:05  Marine  
  48  7:14  Marine  
  43  7:17  Siege Tank  
  44  7:22  Marine  
  44  7:27  SCV  
  45  7:32  Marine  
  45  7:40  Marine  
  45  7:43  SCV  
  47  7:50  Marine  
  47  7:55  SCV  
  47  7:58  Marine  
  51  8:08  SCV, Marine  
  51  8:09  Bunker  
  51  8:12  Bunker  
  52  8:20  SCV  
Show
View Real Time Build Order
Export as new Build Order

Quail Protoss 

Build Orders: 1 Gate Expand 

Get SALT Encoding   

  12  0:01  Probe (Chrono Boost)  
  13  0:11  Probe (Chrono Boost)  
  14  0:18  Pylon  
  14  0:25  Probe (Chrono Boost)  
  15  0:36  Probe (Chrono Boost), Gateway  
  16  0:47  Probe (Chrono Boost)  
  16  0:49  Assimilator  
  17  0:57  Probe (Chrono Boost)  
  18  1:08  Probe (Chrono Boost)  
  20  1:18  Probe (Chrono Boost)  
  20  1:26  Cybernetics Core  
  20  1:34  Nexus  
  20  1:38  Probe (Chrono Boost)  
  21  1:45  Pylon  
  21  1:48  Probe (Chrono Boost)  
  22  2:00  Gateway  
  22  2:12  Assimilator  
  22  2:15  Mothership Core (Chrono Boost)  
  23  2:16  Adept  
  25  2:28  Pylon  
  25  2:39  Robotics Facility  
  25  2:44  Adept  
  27  2:52  Stalker  
  27  2:57  Probe (Chrono Boost)  
  30  3:06  Probe (Chrono Boost)  
  30  3:07  Probe (Chrono Boost)  
  32  3:14  Pylon  
  32  3:17  Probe (Chrono Boost)  
  33  3:30  Pylon  
  33  3:36  Observer (Chrono Boost)  
  34  3:50  Stalker (Chrono Boost)  
  34  3:52  Warp Gate  
  36  3:55  Immortal  
  36  4:02  Stalker (Chrono Boost)  
  42  4:14  Pylon  
  42  4:24  Gateway  
  42  4:27  Gateway  
  42  4:29  Pylon  
  42  4:31  Probe  
  42  4:32  Probe  
  44  4:47  Warp Prism (Chrono Boost)  
  44  4:52  Sentry (Chrono Boost)  
  48  4:54  Sentry (Chrono Boost)  
  48  5:11  Stalker (Chrono Boost)  
  48  5:32  Immortal (Chrono Boost), Pylon  
  48  5:35  Pylon  
  52  5:39  Pylon  
  51  5:51  Pylon  
  51  5:53  Pylon  
  43  6:04  Stalker  
  43  6:05  Stalker  
  43  6:25  Stalker x2  
  35  6:37  Immortal (Chrono Boost)  
  35  6:39  Stalker x2  
  41  6:52  Adept x2  
  39  7:09  Adept x2  
  30  7:23  Stalker  
  25  7:38  Stalker  
  27  7:55  Stalker  
  23  8:06  Stalker  
  25  8:17  Adept x2  
Tags
 
Add a new tag
Caveats
  • Supply blocks, unpowered buildings, or Contaminate may cause inaccurate times.
  • Supply counts are checked every 10 seconds.